 Dungeon Crawl Stone Soup version 0.14-a0-1721-g84c87b2 (webtiles) character file.

252 Mitsuki the Ducker (level 5, -8/37 HPs)
             Began as a Merfolk Transmuter on Jan 2, 2014.
             Was a Follower of Cheibriados.
             Killed by divine providence
             ... invoked by an orc priest
              (9 damage)
             ... on Level 3 of the Dungeon.
             The game lasted 00:17:22 (2729 turns).

Mitsuki the Ducker (Merfolk Transmuter)             Turns: 2729, Time: 00:17:23

HP  -8/37        AC  2     Str 13      XL: 5   Next: 66%
MP   0/8         EV 24     Int 19      God: Cheibriados [*.....]
Gold 66          SH  0     Dex 21      Spells:  3 memorised,  2 levels left

rFire  . . .     SeeInvis .       - Unarmed
rCold  . . .     Clarity  .     c - melded +0 robe
rNeg   . . .     Conserve .     (shield currently unavailable)
rPois  x         rCorr    .     (helmet currently unavailable)
rElec  .         rRot     .     (cloak currently unavailable)
SustAb . .       Spirit   .     (gloves currently unavailable)
rMut   .         Warding  .     l - melded +1 pair of boots
Saprov . . .     Stasis   .     (no amulet)
                                (no ring)
                                p - +4 ring of intelligence

@: spider-form, very slightly contaminated, slowed, very slow, slightly
resistant to hostile enchantments, fairly stealthy
A: (change form in water), (swift swim), breathe flames 1, low mp 1
a: End Transformation, Bend Time, Renounce Religion, Breathe Fire


You were on level 3 of the Dungeon.
You worshipped Cheibriados.
Cheibriados was aware of your devotion.
You were not hungry.
You were in spider-form.
You visited 1 branch of the dungeon, and saw 3 of its levels.

You collected 66 gold pieces.

Inventory:

Missiles
 b - 19 arrows
 j - 13 poisoned arrows
Armour
 c - a +0 robe (melded)
 l - a +1 pair of boots (melded)
Comestibles
 a - 5 bread rations
Scrolls
 e - 2 scrolls of recharging {unknown}
 g - a scroll of curse armour {unknown}
 h - 2 scrolls of enchant weapon II {unknown}
 i - a scroll of enchant weapon I {unknown}
 o - a scroll of identify
Jewellery
 p - a +4 ring of intelligence (left front leg)
Books
 d - a book of Changes

   Spells                             Type                      Level
   *Beastly Appendage                 Transmutation                1
   *Sticks to Snakes                  Transmutation                2
   *Spider Form                       Transmutation/Poison         3
   Ice Form                           Ice/Transmutation            4
   Blade Hands                        Transmutation                5
 f - a book of Wizardry

   Spells                             Type                      Level
   Summon Elemental                   Summoning                    4
   Agony                              Necromancy                   5
   Force Lance                        Conjuration                  5
   Fireball                           Conjuration/Fire             5
   Haste                              Charms                       6
   Invisibility                       Hexes                        6


   Skills:
 - Level 1.3 Fighting
 - Level 4.6 Dodging
 - Level 1.0 Stealth
 + Level 4.5 Unarmed Combat
 - Level 2.1 Spellcasting
 * Level 4.2 Transmutations
 - Level 1.2 Poison Magic


You had 2 spell levels left.
You knew the following spells:

 Your Spells              Type           Power        Failure   Level  Hunger
a - Beastly Appendage     Trmt           ###...       12%         1    #......
b - Spider Form           Trmt/Pois      ##........   36%         3    ###....
c - Sticks to Snakes      Trmt           ###.......   17%         2    ##.....


Dungeon Overview and Level Annotations

Branches:
Dungeon (3/16)

Altars:
Cheibriados
Trog


Innate Abilities, Weirdness & Mutations

((You revert to your normal form in water.))*
((You are very nimble and swift while swimming.))*
You can breathe flames.
Your magical capacity is low (-10% MP).


Message History

The orc wizard looks even sicker.
The orc wizard is severely wounded.
The orc wizard closely misses you. The orc wizard misses you.
The orc wizard gestures wildly while chanting.
The orc wizard blinks!
You hit the orc wizard but do no damage.
Cheibriados thoroughly appreciates the change of pace.
You feel a bit more experienced. The orc wizard casts a spell at you.
The magic dart hits you!
* * * LOW HITPOINT WARNING * * *
Unknown command.
The orc wizard gestures at you while chanting.
The magic dart hits you!
* * * LOW HITPOINT WARNING * * *
The orc wizard gestures at you while chanting.
You feel yourself slow down.
The orc priest calls down the wrath of Beogh upon you.
Something smites you!
You die...

#. #...######### #.# #..
#...........# #.# #.# #+#
#....######.# #.# #.# #.# ##+#.#
###+## #.# #.# #.# #.#.# #....#
#.# #.# #.# #.#.# #....# #.# #.#
#.# #.#.# #....# #.#
#.#####.####.#.####....#######.##
................s.'..>.'.........
..############o####....#######...
### #o....###### #### #.o...#
#.....# #.....# #.....# #...o.#
.....o#


You could see an orc priest and an orc wizard.

Vanquished Creatures
  A centaur (D:3)
  An orc wizard (D:3)
  4 adders
  A worm (D:3)
  A giant gecko (D:2)
  An ooze (D:1)
  2 orcs (D:3)
  3 ball pythons
  3 giant cockroaches
  4 goblins
  6 hobgoblins
  4 kobolds
  8 bats
  2 giant newts
  2 jackals (D:1)
  3 rats
46 creatures vanquished.

Vanquished Creatures (collateral kills)
  A hobgoblin (D:3)
1 creature vanquished.

Grand Total: 47 creatures vanquished

Notes
Turn   | Place    | Note
--------------------------------------------------------------
     0 | D:1      | Mitsuki, the Merfolk Transmuter, began the quest for the Orb.
     0 | D:1      | Reached XP level 1. HP: 15/15 MP: 3/3
   161 | D:1      | Reached XP level 2. HP: 21/21 MP: 2/4
   567 | D:2      | Gained mutation: You can breathe flames. [potion of mutation]
   567 | D:2      | Gained mutation: Your magical capacity is low (-10% MP). [potion of mutation]
   575 | D:2      | Reached XP level 3. HP: 26/26 MP: 5/5
   587 | D:2      | Learned a level 3 spell: Spider Form
   590 | D:2      | Learned a level 2 spell: Sticks to Snakes
   797 | D:2      | Reached skill level 4 in Unarmed Combat
  1515 | D:3      | Reached XP level 4. HP: 22/32 MP: 1/6
  1643 | D:3      | Noticed a centaur
  1652 | D:3      | Killed a centaur
  1652 | D:3      | Reached skill level 1 in Poison Magic
  1652 | D:3      | Reached XP level 5. HP: 10/37 MP: 4/8
  1911 | D:3      | Found a snail-covered altar of Cheibriados.
  1916 | D:3      | Became a worshipper of Cheibriados the Contemplative
  2127 | D:3      | Reached skill level 1 in Stealth
  2339 | D:3      | Found a bloodstained altar of Trog.
  2729 | D:3      | HP: 1/37 [orc wizard/magic dart (5)]
  2729 | D:3      | Killed from afar by an orc priest

Action                   |  1- 3 |  4- 6 || total
-------------------------+-------+-------++-------
Melee: Unarmed           |   103 |    83 ||   186
       Club              |     1 |       ||     1
 Cast: Beastly Appendage |    11 |       ||    11
       Spider Form       |     9 |     4 ||    13
       Sticks to Snakes  |       |     1 ||     1
 Abil: Breathe Fire      |     1 |       ||     1
  Use: Potion            |     5 |     1 ||     6
       Scroll            |     2 |       ||     2
 Stab: Sleeping          |     1 |     3 ||     4
       Distracted        |       |     1 ||     1
